 Dungeon Crawl Stone Soup version 0.22-a0-252-gcace5d2 (webtiles) character file.

9 wazuzu the Chopper (level 2, -1/22 HPs)
             Began as a Demonspawn Gladiator on Mar 1, 2018.
             Slain by a gnoll
             ... wielding a +0 spear
              (3 damage)
             ... on level 1 of the Dungeon.
             The game lasted 00:00:36 (420 turns).

wazuzu the Chopper (Demonspawn Gladiator)            Turns: 420, Time: 00:00:37

Health: -1/22      AC:  6    Str: 14    XL:     2   Next: 6%
Magic:  2/2        EV: 11    Int:  9    God:
Gold:   5          SH:  0    Dex: 14    Spells: 1/1 levels left

rFire    . . .     SeeInvis .   a - +0 war axe
rCold    . . .     Gourm    .   (no shield)
rNeg     . . .     Faith    .   j - +0 ring mail
rPois    .         Spirit   .   c - +0 helmet
rElec    .         Reflect  .   (no cloak)
rCorr    .         Harm     .   (no gloves)
MR       .....                  (no boots)
Stlth    ++........             (no amulet)
HPRegen  0.07/turn              (no ring)
MPRegen  0.08/turn              (no ring)

@: no status effects
A: nightstalker 1
a: no special abilities


You were on level 1 of the Dungeon.
You were not hungry.

You visited 1 branch of the dungeon, and saw 1 of its levels.

You collected 5 gold pieces.

Inventory:

Hand Weapons
 a - a +0 war axe (weapon)
Missiles
 d - 3 throwing nets (quivered)
Armour
 c - a +0 helmet (worn)
 j - a +0 ring mail (worn)
Jewellery
 g - a +2 ring of evasion {unknown}
Scrolls
 e - a scroll of immolation {unknown}
Potions
 i - a potion of berserk rage {unknown}
Comestibles
 f - 2 rations


   Skills:
 - Level 2.0 Fighting
 + Level 3.3 Axes
 - Level 1.7 Throwing
 - Level 2.6 Dodging


You had one spell level left.
You didn't know any spells.

Dungeon Overview and Level Annotations

Branches:
Dungeon (1/15)

Altars:


Innate Abilities, Weirdness & Mutations

You are slightly more attuned to the shadows.


Message History

The gnoll is moderately wounded.
You closely miss the goblin. The gnoll hits you but does no damage.
The goblin hits you with a club.
All of the chunks of flesh in your inventory have rotted away.
You are too injured to fight recklessly!
You barely miss the gnoll.
The gnoll is moderately wounded.
You miss the goblin. The gnoll hits you with a spear.
The goblin hits you but does no damage.
You barely miss the gnoll.
The gnoll is moderately wounded.
You hit the goblin.
You kill the goblin!
The gnoll hits you with a spear!
* * * LOW HITPOINT WARNING * * *
The gnoll closely misses you.
You closely miss the gnoll.
The gnoll is moderately wounded.
The gnoll hits you with a spear.
You die...

#. #.... .. ..###.#.#
... .....#.# #..
..#........######. ..
#..... #.....%.....
#.##..#.###..##.......
#.##...........)......
##...........##.@g.....
.......####.>##........
###....# #..##........
#$#....# #............
###....####.###..##.###
....รท.......# ##.# .#
............# #.# .
............#
####...######


You could see a gnoll.

Vanquished Creatures
  A leopard gecko (D:1)
  A bat (D:1)
  A giant cockroach (D:1)
  2 hobgoblins (D:1)
  2 goblins (D:1)
7 creatures vanquished.

Notes
Turn   | Place    | Note
-------+----------+-------------------------------------------
     0 | D:1      | wazuzu the Demonspawn Gladiator began the quest for the Orb.
     0 | D:1      | Reached XP level 1. HP: 16/16 MP: 1/1
   133 | D:1      | Reached skill level 3 in Axes
   189 | D:1      | Gained mutation: You are slightly more attuned to the shadows. [demonic ancestry]
   189 | D:1      | Reached XP level 2. HP: 17/22 MP: 2/2
   419 | D:1      | HP: 1/22 [gnoll/spear (7)]
   420 | D:1      | Slain by a gnoll

Vault maps used:
D:1:      nzn_arrival_crosshair, item_on_display_a

Skill      XL: |  1 |
---------------+----+-----
Axes           | 3 |  3.3
Fighting       | |  2.0
Throwing       | |  1.7
Dodging        | |  2.6

Action                   || total
-------------------------++-------
Melee: War axe           ||    27
Armor: Leather armour    ||    12
       Ring mail         ||     2
Dodge: Dodged            ||    27

Table legend:
 A = Spawn XP
 B = Non-spawn XP
 C = Spawn XP percentage of total XP
 D = Spawn monster count
 E = Non-spawn monster count
 F = Spawn count percentage of total count
 G = Total turns spent on level
                    A         B        C        D         E        F      G
               +---------+---------+-------+---------+---------+-------+---------
         Total |       0 |      14 |   0.0 |       0 |       7 |   0.0 |   420
               +---------+---------+-------+---------+---------+-------+---------
           D:1 |       0 |      14 |   0.0 |       0 |       7 |   0.0 |   420
               +---------+---------+-------+---------+---------+-------+---------
